 Dungeon Crawl Stone Soup version 0.31.0-11-ge490571c62 (webtiles) character file.

Game seed: 2956995379333076738

131 qw the Skirmisher (level 4, -5/25 HPs)
             Began as a Deep Elf Hunter on Feb 4, 2024.
             Incinerated by a bombardier beetle (6 damage)
             ... with a burning spray
             ... on level 3 of the Dungeon.
             The game lasted 00:00:06 (1640 turns).

qw the Skirmisher (Deep Elf Hunter)                 Turns: 1640, Time: 00:00:07

Health: -5/25      AC:  3    Str: 10    XL:     4   Next: 91%
Magic:  6/6        EV: 12    Int: 14    God:
Gold:   160        SH:  0    Dex: 18    Spells: 3/3 levels left

rFire   . . .        a - +1 shortbow
rCold   . . .        (shield currently unavailable)
rNeg    . . .        c - +0 leather armour
rPois   +            (no helmet)
rElec   .            (no cloak)
rCorr   .            (no gloves)
SInv    .            (no boots)
Will    .....        (no amulet)
Stlth   +            m - ring of poison resistance
HPRegen 0.24/turn    (no ring)
MPRegen 0.10/turn

%: no passive effects
@: on fire, glowing
A: no striking features
a: no special abilities


You were on level 3 of the Dungeon.
You visited 1 branch of the dungeon, and saw 3 of its levels.

You collected 160 gold pieces.


   Skills:
 - Level 1.5 Fighting
 + Level 8.3 Ranged Weapons
 - Level 2.4 Dodging
 - Level 1.2 Stealth


You had 3 spell levels left.
You didn't know any spells.
Your spell library was empty.

Inventory:

Hand Weapons
 a - a +1 shortbow (weapon)
Armour
 c - a +0 leather armour (worn)
 e - a +1 ring mail of fire resistance
Jewellery
 b - an amulet of reflection
 m - a ring of poison resistance (left hand)
Potions
 d - a potion of enlightenment
 g - a potion of haste
 h - a potion of lignification {unknown}
 i - a potion of heal wounds
 k - 3 potions of degeneration {unknown}
 l - a potion of might {unknown}
 n - a potion of curing {unknown}
 o - a potion of ambrosia {unknown}

Dungeon Overview and Level Annotations

Branches:
Dungeon (3/15)

Altars:
Gozag


Message History

You kill the kobold!
A bombardier beetle comes into view.
Found a spear.
You see here a +0 dagger.
You shoot an arrow. The arrow hits the bombardier beetle.
The bombardier beetle is moderately wounded.
You shoot an arrow.
The arrow hits the bombardier beetle but does no damage.
The bombardier beetle is moderately wounded.
You shoot an arrow.
The arrow hits the bombardier beetle but does no damage.
The bombardier beetle is moderately wounded.
You shoot an arrow. The arrow hits the bombardier beetle.
The bombardier beetle is moderately wounded.
You shoot an arrow.
The arrow barely misses the bombardier beetle.
The bombardier beetle sprays incendiary fluid at you.
The burning spray hits you.
You are covered in liquid fire!
You shoot an arrow. The arrow hits the bombardier beetle.
The bombardier beetle is severely wounded.
The liquid fire burns you!
You shoot an arrow.
The arrow barely misses the bombardier beetle.
The liquid fire burns you!
You shoot an arrow. The arrow hits the bombardier beetle!
You kill the bombardier beetle!
The liquid fire burns you!
Your Ranged Weapons skill increases to level 8!
You are on fire!
The liquid fire burns you!
You are on fire!
The liquid fire burns you!
You are on fire!
The liquid fire burns you!
You are on fire!
The liquid fire burns you!
You are on fire!
The liquid fire burns you!
You die...

+.............>..#.# #.#
#......#.###.#.###.# #.#
+......'...........####.#
#...>..#.#...#.%........#
#......#..%.....#########
#......#....##..#..
########........#.#
#######..#.######
.........@.......
######..##....###
#......#.# #...##.# #
#...# .# #...# )# #)..# #
#...# #...#


There were no monsters in sight!

Vanquished Creatures
  A bombardier beetle (D:3)
  A gnoll (D:1)
  3 adders (D:2)
  2 ribbon worms
  4 ball pythons
  6 endoplasms
  5 giant cockroaches
  6 hobgoblins
  2 jackals (D:1)
  4 kobolds
  2 quokkas (D:1)
  7 bats
  A frilled lizard (D:2)
  3 goblins (D:1)
  5 rats
52 creatures vanquished.

Notes
Turn   | Place    | Note
-------+----------+-------------------------------------------
     0 | D:1      | qw the Deep Elf Hunter began the quest for the Orb.
     0 | D:1      | Reached XP level 1. HP: 12/12 MP: 3/3
     0 | D:1      | 0 ||| qw: Version: 0.3-a-160-g6735b56
     0 | D:1      | 0 ||| qw: Game counter: 4549
     0 | D:1      | 0 ||| qw: Melee chars always use a shield: true
     0 | D:1      | 0 ||| qw: God list: Okawaru
     0 | D:1      | 0 ||| qw: Allow faded altars: false
     0 | D:1      | 0 ||| qw: Do Orc after clearing Dungeon:15 true
     0 | D:1      | 0 ||| qw: Do second Lair branch before Depths: true
     0 | D:1      | 0 ||| qw: Lair rune preference: random
     0 | D:1      | 0 ||| qw: Goals: Normal
     0 | D:1      | 0 ||| PLANNING D:1-11
    20 | D:1      | HP: 2/12 [gnoll/+0 club (4)]
    22 | D:1      | Reached skill level 6 in Ranged Weapons
    22 | D:1      | Reached XP level 2. HP: 4/16 MP: 4/4
   319 | D:1      | Found a faded altar of an unknown god.
   373 | D:1      | Reached XP level 3. HP: 20/20 MP: 5/5
   619 | D:1      | Reached skill level 7 in Ranged Weapons
   704 | D:1      | 704 ||| DROPPING +6 ring of intelligence.
   705 | D:1      | 705 ||| UPGRADING to ring of poison resistance.
   706 | D:1      | 706 ||| READING scroll labelled EFISSOTZ MYIMYZEN.
   706 | D:1      | 706 ||| IDENTIFYING bubbling golden potion
   707 | D:1      | 707 ||| READING scroll labelled EFRELU NIDWYN.
   746 | D:1      | 746 ||| DRINKING 2 murky grey potions.
   747 | D:1      | 747 ||| DROPPING scroll of butterflies.
   748 | D:1      | 748 ||| DROPPING potion of invisibility.
   788 | D:2      | Found an opulent altar of Gozag.
   881 | D:2      | HP: 5/20 [poisoned by an adder]
   964 | D:2      | Reached XP level 4. HP: 25/25 MP: 6/6
  1495 | D:2      | 1495 ||| READING scroll of identify.
  1495 | D:2      | 1495 ||| IDENTIFYING golden potion
  1496 | D:2      | 1496 ||| READING scroll labelled KENEOLE BAASK.
  1496 | D:2      | 1496 ||| ENCHANTING +0 shortbow.
  1497 | D:2      | 1497 ||| READING scroll labelled ABAT ECRYOCH.
  1498 | D:2      | 1498 ||| READING scroll labelled PEZORO JACVA.
  1499 | D:2      | 1499 ||| DRINKING 2 black potions.
  1636 | D:3      | Reached skill level 8 in Ranged Weapons
  1638 | D:3      | HP: 5/25 [burnt (4)]
  1639 | D:3      | HP: 1/25 [burnt (4)]
  1640 | D:3      | Incinerated by a bombardier beetle

Levels and vault maps discovered:
D:1:      ncdulo_lavacross, layout_basic, chequers_ecumenical_altar_twisty
D:2:      layout_rooms, basic_altar, st_stairs_13, minmay_misc_feat_rugged,
          hangedman_abyss_or_decor_lesser_grid, hangedman_feature_mirror,
          grunt_ministairs_4, minmay_indecisive_spiral
D:3:      layout_basic

Skill      XL: |  1  2  3  4 |
---------------+-------------+-----
Ranged Weapons | 6 7 8 |  8.3
Fighting       | |  1.5
Dodging        | |  2.4
Stealth        | |  1.2

Action                     |  1- 3 |  4- 6 || total
---------------------------+-------+-------++-------
   Fire: Shortbow          |   120 |    53 ||   173
    Use: Scroll            |     2 |     4 ||     6
         Potion            |     1 |     1 ||     2
 Armour: Leather armour    |    26 |     6 ||    32
  Dodge: Dodged            |    33 |     4 ||    37

Table legend:
 A = Non-vault XP
 B = Vault XP
 C = Vault XP percentage of total XP
 D = Non-vault monster count
 E = Vault monster count
 F = Vault count percentage of total count
                 A         B        C        D         E       F
            +---------+---------+-------+---------+---------+-------
      Total |     150 |      38 |  20.2 |      43 |       9 |  17.3
            +---------+---------+-------+---------+---------+-------
        D:1 |      65 |       0 |   0.0 |      31 |       0 |   0.0
        D:2 |      24 |      38 |  61.3 |       8 |       9 |  52.9
        D:3 |      61 |       0 |   0.0 |       4 |       0 |   0.0
            +---------+---------+-------+---------+---------+-------
